 Dungeon Crawl Stone Soup version 0.26-a0-810-ge1a9524b62 (webtiles) character file.

Game seed: 9643299465752608815

17042 lunkers the Frost Mage (level 12, -14/91 HPs)
             Began as a Vampire Ice Elementalist on Nov 12, 2020.
             Was a High Priest of Vehumet.
             Demolished by a polar bear (24 damage)
             ... in an ice cave.
             The game lasted 00:30:36 (14450 turns).

lunkers the Frost Mage (Vampire Ice Elementalist)  Turns: 14450, Time: 00:30:37

Health: -14/91     AC: 11    Str: 13    XL:     12   Next: 15%
Magic:  18/26      EV: 13    Int: 28    God:    Vehumet [*****.]
Gold:   693        SH:  0    Dex: 15    Spells: 24/31 levels left

rFire    . . .     SeeInvis +   D - +2 rapier (speed)
rCold    . . .     Faith    .   (no shield)
rNeg     . . .     Spirit   .   F - +0 steam dragon scales
rPois    .         Reflect  .   I - +0 helmet
rElec    .         Harm     .   (no cloak)
rCorr    .         Rampage  .   H - +1 pair of gloves
MR       +....                  J - +2 pair of boots
Stlth    ++........             (no amulet)
HPRegen  0.45/turn              h - +6 ring of strength
MPRegen  0.20/turn              v - +6 ring of intelligence

@: frozen ramparts, regenerating quickly, studying Polearms
A: fangs 3, see invisible, unbreathing
a: Exsanguinate, Renounce Religion


You were in an ice cave.
You worshipped Vehumet.
Vehumet was extremely pleased with you.
You visited 1 branch of the dungeon, and saw 12 of its levels.
You also visited: Ice Cave.

You collected 693 gold pieces.

Inventory:

Hand Weapons
 t - a +1 falchion of holy wrath
 C - a +1 whip of freezing
 D - a +2 rapier of speed (weapon)
Armour
 p - a +1 ring mail of magic resistance
 E - a +0 troll leather armour
 F - +0 steam dragon scales (worn)
 H - a +1 pair of gloves (worn)
 I - a +0 helmet (worn)
 J - a +2 pair of boots (worn)
Jewellery
 a - an uncursed ring of ice
 h - a +6 ring of strength (left hand)
 v - a +6 ring of intelligence (right hand)
 y - an uncursed ring of fire
 N - an uncursed ring of protection from magic {unknown}
Wands
 j - a wand of disintegration (27)
 l - a wand of paralysis (10)
 G - a wand of acid (5)
 L - a wand of iceblast (6)
 O - a wand of random effects (16)
Scrolls
 e - a scroll of summoning {unknown}
 f - 2 scrolls of fear
 g - 2 scrolls of enchant weapon {unknown}
 i - 6 scrolls of teleportation
 k - 3 scrolls of enchant armour {unknown}
 m - 2 scrolls of fog {unknown}
 n - 3 scrolls of magic mapping {unknown}
 r - 3 scrolls of blinking
 w - 4 scrolls of remove curse
Potions
 b - 2 potions of might
 c - 3 potions of haste
 d - 2 potions of brilliance
 o - 3 potions of ambrosia
 s - 6 potions of curing
 u - 2 potions of heal wounds
 x - 2 potions of lignification
 z - 2 potions of flight {unknown}
 A - a potion of cancellation {unknown}
 B - 2 potions of invisibility
 K - a potion of berserk rage {unknown}
Books
 q - a manual of Polearms
Miscellaneous
 M - a box of beasts


   Skills:
 + Level 7.1 Fighting
 - Level 2.1 Dodging
 - Level 3.0 Stealth
 + Level 10.0 Spellcasting
 * Level 14.9 Ice Magic


You had 24 spell levels left.
You knew the following spells:

 Your Spells              Type           Power        Failure   Level
a - Freeze                Ice            ####         0%          1
b - Frozen Ramparts       Ice            ######       1%          3
c - Ozocubu's Armour      Ice            #######.     1%          3

Your spell library contained the following spells:

 Spells                   Type           Power        Failure   Level
 Bolt of Magma            Conj/Fire/Erth ##........   28%         5
 Ensorcelled Hibernation  Hex/Ice        ######       1%          2
 Hailstorm                Conj/Ice       ######..     1%          4
 Summon Ice Beast         Ice/Summ       ######..     1%          4
 Dazzling Flash           Conj/Hex       ##....       3%          3
 Beastly Appendage        Tmut           ##....       4%          1
 Corona                   Hex            ##.....      4%          1
 Confusing Touch          Hex            ##......     12%         3
 Tukima's Dance           Hex            ##......     12%         3


Dungeon Overview and Level Annotations

Branches:
Dungeon (12/15)            Temple (0/1) D:7            Lair (0/6) D:11
    Orc (0/2) D:11          IceCv (1/1)

Altars:
Ashenzari
Cheibriados
Fedhas
Gozag
Kikubaaqudgha
Okawaru
Sif Muna
Uskayaw
Vehumet
Wu Jian
Zin
The Shining One
Jiyva

Shops:
D:4 (

Annotations:
D:8 2 transporters
D:9 2 transporters, Snikeer's ghost, novice DDFi


Innate Abilities, Weirdness & Mutations

Your natural rate of healing is unusually fast.
You have razor-sharp teeth.
You have supernaturally acute eyesight. (SInv)
You can survive without breathing.


Message History

Press: ? - help, Shift-Dir - straight line, f/p - polar bear
Aim: a polar bear (severely wounded)
The polar bear completely resists.
You freeze the polar bear but do no damage.
The polar bear resists.
The wall freezes the polar bear.
The polar bear misses you. The polar bear closely misses you. x2
The polar bear resists.
The wall freezes the polar bear.
The polar bear goes berserk!
Unknown command.
Unknown command.
Casting: Freeze (safe; 0% risk of failure)
Confirm with . or Enter, or press ? or * to list all spells.
Okay, then.
Your icy armour cracks and falls away as you move.
The polar bear completely resists.
The wall freezes the polar bear but do no damage.
The polar bear resists.
The wall freezes the polar bear.
The polar bear resists.
The wall freezes the polar bear.
The polar bear bites you!!
You die...

####..# ##.○○##..# #....# #
###### #..###..####..∩#
###...÷### #..####..##∩..##
#..####÷.#####..##....#####
#.### ##...####....#.##
##...# #.÷###.########
.....# ##....#....# ⌠.!.##
##.÷#####.### .).##
##..†.@h#..# ####
####.##..### #####...##
###..# ## ###..## .##
##...## ..h# ###.#.##
###h.####..†.##
###...###.###...#


You could see a polar bear (berserk).

Vanquished Creatures
  A two-headed ogre (D:10)
  A death yak (IceCv)
  An unseen horror (D:12)
  Pikel (D:5)
  An ugly thing (D:11)
  A cyclops (D:11)
  3 gargoyles (D:11)
  6 polar bears (IceCv)
  4 trolls
  A hornet (D:8)
  2 shadows (D:11)
  A wraith (D:11)
  3 wyverns
  20 yaks
  A steam dragon (D:10)
  2 soldier ants
  A water moccasin (D:11)
  3 orc warriors
  2 ice beasts
  5 sky beasts
  2 black bears
  2 phantoms
  An eye of draining (D:10)
  7 ogres
  6 centaurs
  8 wolves (IceCv)
  A lemure (D:5)
  4 bullfrogs
  2 water moccasin skeletons
  4 scorpions
  6 killer bees (D:9)
  4 troll zombies (D:11)
  2 howler monkeys
  8 electric eels (D:8)
  3 bullfrog zombies
  5 hounds
  3 quasits
  7 orc priests
  A bullfrog skeleton (D:5)
  4 centaur skeletons
  A gnoll shaman (D:7)
  6 jellies
  7 orc wizards
  5 iguanas
  An iron imp (D:8)
  6 worker ants
  2 ogre zombies (D:11)
  A hound skeleton (D:9)
  A worker ant zombie (D:11)
  6 gnolls
  6 adders
  2 shadow imps
  13 white imps
  2 oozes
  2 adder zombies
  An adder skeleton (D:8)
  A dart slug (D:3)
  4 leopard geckos
  35 orcs
  2 ball pythons
  6 giant cockroaches
  7 goblins
  3 hobgoblins
  4 jackals (D:3)
  5 quokkas
  4 bats
  5 hobgoblin zombies
  A jackal skeleton (D:7)
  7 kobolds
  2 kobold skeletons (D:8)
  2 kobold zombies (D:8)
  A leopard gecko skeleton (D:7)
  5 orc skeletons
  15 orc zombies
  A quokka zombie (D:9)
  8 rats
320 creatures vanquished.

Vanquished Creatures (others)
  19 plants
19 creatures vanquished.

Grand Total: 339 creatures vanquished

Notes
Turn   | Place    | Note
-------+----------+-------------------------------------------
     0 | D:1      | lunkers the Vampire Ice Elementalist began the quest for
                  | the Orb.
     0 | D:1      | Reached XP level 1. HP: 13/13 MP: 3/3
   176 | D:1      | Reached XP level 2. HP: 19/19 MP: 0/5
   751 | D:2      | Reached XP level 3. HP: 24/24 MP: 3/6
   781 | D:2      | Reached skill level 5 in Ice Magic
   847 | D:2      | Found a blossoming altar of Fedhas.
  1159 | D:2      | Found an ancient bone altar of Kikubaaqudgha.
  1161 | D:2      | Found a shimmering blue altar of Sif Muna.
  1163 | D:2      | Found a radiant altar of Vehumet.
  1207 | D:2      | Identified Sif Muna's Reference Book on Shape Shifting
  1365 | D:2      | Became a worshipper of Vehumet
  1433 | D:2      | Found an iron altar of Okawaru.
  1490 | D:2      | Found an opulent altar of Gozag.
  1554 | D:2      | Learned a level 3 spell: Frozen Ramparts
  1558 | D:2      | Learned a level 3 spell: Ozocubu's Armour
  1582 | D:3      | Reached XP level 4. HP: 30/30 MP: 5/8
  1685 | D:3      | Found a snail-covered altar of Cheibriados.
  2316 | D:4      | Reached XP level 5. HP: 27/35 MP: 3/9
  2417 | D:4      | Found Gidwoace's Weapon Boutique.
  2487 | D:4      | Noticed a phantom
  2714 | D:4      | Reached * piety under Vehumet
  2714 | D:4      | Offered knowledge of Foxfire by Vehumet.
  2714 | D:4      | Reached skill level 6 in Ice Magic
  2859 | D:4      | Noticed an ice beast
  2882 | D:3      | Killed an ice beast
  2882 | D:3      | Reached XP level 6. HP: 25/41 MP: 11/11
  3237 | D:4      | Reached skill level 7 in Ice Magic
  3695 | D:4      | Reached XP level 7. HP: 36/46 MP: 8/13
  3890 | D:5      | Entered Level 5 of the Dungeon
  4374 | D:5      | Found an ornate altar of the Wu Jian Council.
  4382 | D:5      | Reached skill level 8 in Ice Magic
  4813 | D:5      | Reached skill level 5 in Spellcasting
  4838 | D:5      | Reached XP level 8. HP: 52/52 MP: 12/15
  4910 | D:5      | Reached ** piety under Vehumet
  4910 | D:5      | Offered knowledge of Shock by Vehumet.
  5163 | D:5      | Noticed Pikel
  5175 | D:5      | Killed Pikel
  5175 | D:5      | Reached skill level 9 in Ice Magic
  6044 | D:7      | Reached skill level 10 in Ice Magic
  6141 | D:7      | Found a staircase to the Ecumenical Temple.
  6389 | D:7      | Found a broken altar of Ashenzari.
  6394 | D:7      | Reached XP level 9. HP: 57/57 MP: 18/18
  6648 | D:7      | Found a glowing silver altar of Zin.
  6842 | D:8      | Found a transporter.
  7091 | D:8      | Found a transporter.
  7210 | D:8      | Reached skill level 11 in Ice Magic
  7312 | D:8      | Offered knowledge of Static Discharge by Vehumet.
  7531 | D:8      | Reached skill level 1 in Fighting
  7950 | D:8      | Found a glowing golden altar of the Shining One.
  8283 | D:8      | Reached *** piety under Vehumet
  8784 | D:9      | Found a hide-covered altar of Uskayaw.
  8784 | D:9      | Noticed a +0 hand axe
  8784 | D:9      | Noticed a +0 dagger
  8912 | D:9      | Found a viscous altar of Jiyva.
  9199 | D:9      | Noticed Snikeer's ghost (novice DDFi)
  9201 | D:9      | Found a transporter.
  9201 | D:9      | Noticed a white ugly thing
  9246 | D:9      | Noticed a troll
  9251 | D:9      | Found a transporter.
  9256 | D:9      | Killed a troll
  9256 | D:9      | Reached XP level 10. HP: 69/69 MP: 15/21
  9569 | D:9      | Reached skill level 12 in Ice Magic
 10094 | D:10     | Entered Level 10 of the Dungeon
 10511 | D:10     | Offered knowledge of Sticky Flame by Vehumet.
 10571 | D:10     | Noticed a two-headed ogre
 10599 | D:10     | Killed a two-headed ogre
 11174 | D:10     | Reached skill level 13 in Ice Magic
 11423 | D:11     | Reached **** piety under Vehumet
 11524 | D:11     | Reached skill level 5 in Fighting
 11524 | D:11     | Offered knowledge of Lee's Rapid Deconstruction by Vehumet.
 11581 | D:11     | Reached XP level 11. HP: 52/79 MP: 23/23
 11723 | D:11     | Found a staircase to the Orcish Mines.
 12460 | D:11     | Noticed a cyan ugly thing
 12508 | D:11     | Killed a cyan ugly thing
 12696 | D:11     | Found a staircase to the Lair.
 13189 | D:12     | Noticed an unseen horror
 13282 | D:11     | Reached skill level 14 in Ice Magic
 13412 | D:12     | Killed an unseen horror
 13428 | D:12     | Reached ***** piety under Vehumet
 13433 | D:12     | Offered knowledge of Bolt of Magma by Vehumet.
 13509 | D:12     | Found a frozen archway.
 13531 | IceCv    | Entered an ice cave
 14048 | IceCv    | Reached XP level 12. HP: 53/89 MP: 22/25
 14252 | IceCv    | Noticed a death yak
 14282 | IceCv    | Killed a death yak
 14282 | IceCv    | Reached skill level 10 in Spellcasting
 14450 | IceCv    | Demolished by a polar bear

Illustrated notes

Levels and vault maps discovered:
D:1:      onia_arrival_handbag, layout_rooms
D:2:      layout_loops_ring, grunt_temple_overflow_magic_moments,
          fedhas_ov_isle_minmay, overflow_temple_1_default,
          grunt_gozag_breadcrumbs
D:3:      layout_loops_ring, kennysheep_slug_shrine
D:4:      layout_layer_cave, serial_shops, shop
D:5:      layout_layer_cave, nicolae_overflow_crystal_walls, minmay_manual_moon,
          uniq_pikel
D:6:      layout_loops_cross, grunt_ministairs_2, skrybe_limestone_x
D:7:      layout_gridville, zin_treasury, evilmike_ruin_ashenzari,
          minmay_temple_entry_slanted
D:8:      gammafunk_cloud_chamber, layout_layer_cave,
          nicolae_tso_besieged_by_evil, serial_bayou, serial_bayou_pond_d,
          serial_bayou_pond_b, serial_bayou_pond_e, serial_bayou_shore_a,
          serial_bayou_ford_a
D:9:      layout_grid_maze, dancing_weapons_uskayaw, gammafunk_ghost_arena,
          jiyva_altar_1
D:10:     layout_roguey, minmay_misc_feat_secret_circle, corexii_hall_statues_i,
          grunt_ogre_cave
D:11:     layout_rooms, dpeg_oklobed_lair, zombieorc1_lemuel
D:12:     layout_cross, portal_ice_cave_entry_imps, st_stairs_5,
          grunt_dithmenos_smoke_and_mirrors
IceCv:    ice_cave_caverns_03

Skill      XL: |  1  2  3  4  5  6  7  8  9 10 11 12 |
---------------+-------------------------------------+-----
Ice Magic      | 5 6 7 8 10 11 13 14 | 14.9
Spellcasting   | 3 4 5 6 7 8 9 10 | 10.0
Fighting       | 2 5 6 7 |  7.1
Dodging        | |  2.1
Stealth        | |  3.0

Action                   |  1- 3 |  4- 6 |  7- 9 | 10-12 || total
-------------------------+-------+-------+-------+-------++-------
Melee: Unarmed           |     4 |    16 |   108 |       ||   128
       Bite              |       |     1 |    24 |    39 ||    64
       Whip              |       |       |    36 |       ||    36
       Rapier            |       |       |       |   388 ||   388
 Cast: Freeze            |    43 |    57 |   170 |   211 ||   481
       Frozen Ramparts   |       |     5 |    20 |    39 ||    64
       Ozocubu's Armour  |       |       |     4 |    10 ||    14
Evoke: Wand              |       |    14 |    26 |     6 ||    46
  Use: Scroll            |       |       |     7 |     5 ||    12
 Stab: Paralysed         |       |       |     3 |       ||     3
Armor: Robe              |     7 |     1 |       |       ||     8
       Ring mail         |       |    10 |   119 |    27 ||   156
       Steam dragon scal |       |       |       |   217 ||   217
Dodge: Dodged            |    22 |    47 |   209 |   384 ||   662

Table legend: (Time is in decaauts)
 A = Elapsed time spent in this place.
 B = Non-inter-level travel time spent in this place.
 C = Inter-level travel time spent in this place.
 D = Time resting spent in this place.
 E = Time spent auto-exploring this place.
 F = Levels seen in this place.
 G = Mean time per level.
                   A        B        C        D        E       F      G
               +--------+--------+--------+--------+--------+-----+--------+
         Total |  14423 |  13903 |    520 |    150 |  10708 |  13 | 1109.5 |
       Dungeon |  13509 |  12989 |    520 |    133 |  10023 |  12 | 1125.8 |
      Ice Cave |    914 |    914 |      0 |     17 |    685 |   1 |  914.0 |
               +--------+--------+--------+--------+--------+-----+--------+

Top non-repeatable levels by time:
    D:11: 1933 daAuts
     D:8: 1849 daAuts
     D:5: 1592 daAuts
     D:4: 1328 daAuts
    D:10: 1309 daAuts
     D:9: 1299 daAuts
     D:2: 930 daAuts
     D:3: 927 daAuts
   IceCv: 914 daAuts
     D:7: 912 daAuts
     D:1: 714 daAuts
     D:6: 569 daAuts
    D:12: 141 daAuts
